 Dungeon Crawl Stone Soup version 0.30-a0-242-g7bf8e6d787 (webtiles) character file.

Game seed: 14318525481580801023

84 gzilladon the Trooper (level 4, -2/42 HPs)
             Began as a Naga Fighter on Oct 11, 2022.
             Slain by a gnoll
             ... wielding a +0 halberd
              (5 damage)
             ... on level 2 of the Dungeon.
             The game lasted 00:05:40 (1525 turns).

gzilladon the Trooper (Naga Fighter)                Turns: 1525, Time: 00:05:41

Health: -2/42      AC:  5    Str: 21    XL:     4   Next: 46%
Magic:  4/4        EV:  7    Int:  8    God:
Gold:   109        SH:  4    Dex: 10    Spells: 3/3 levels left

rFire   . . .      SeeInvis +    a - +0 war axe
rCold   . . .      Faith    .    c - +0 buckler
rNeg    . . .      Spirit   .    b - +0 scale mail
rPois   +          Reflect  .    (no helmet)
rElec   .          Harm     .    (no cloak)
rCorr   .          Rampage  .    (no gloves)
Will    .....                    (no barding)
Stlth   ..........               (no amulet)
HPRegen 0.27/turn                j - ring of flight
MPRegen 0.09/turn                (no ring)

@: flying, very slow
A: AC +1, large, see invisible, deformed body, poison resistance, slowness 2,
spit poison 1, naga tail 1
a: Spit Poison


You were on level 2 of the Dungeon.
You visited 1 branch of the dungeon, and saw 2 of its levels.

You collected 109 gold pieces.

Inventory:

Hand Weapons
 a - a +0 war axe (weapon)
Missiles
 l - 3 boomerangs
 m - 9 stones
 s - 5 poisoned darts
Armour
 b - a +0 scale mail (worn)
 c - a +0 buckler (worn)
Magical Staves
 n - a staff of air
Jewellery
 j - a ring of flight (left hand)
Scrolls
 f - 3 scrolls of silence {unknown}
 g - a scroll of amnesia {unknown}
 k - 2 scrolls of identify {unknown}
 o - a scroll of vulnerability {unknown}
Potions
 d - a potion of might
 e - a potion of heal wounds {unknown}
 h - a potion of flight {unknown}
 i - a potion of lignification {unknown}
 p - 3 potions of mutation {unknown}
 q - a potion of invisibility {unknown}
 r - 2 potions of curing {unknown}


   Skills:
 + Level 3.3 Fighting
 * Level 3.3 Axes
 + Level 3.1 Armour
 + Level 0.2 Dodging
 + Level 2.9 Shields


You had 3 spell levels left.
You didn't know any spells.
Your spell library contained the following spells:

 Spells                   Type           Power      Damage    Failure   Level
 Ignite Poison            Fire/Tmut/Pois 0%         N/A       99%         3
 Kindle Blastsparks       Fire/Tloc/Air  0%         2d10      99%         3
 Freezing Cloud           Conj/Ice/Air   0%         6-21      100%        5
 Summon Forest            Summ/Tloc      0%         N/A       100%        5
 Eringya's Noxious Bog    Tmut/Pois      0%         N/A       100%        6
 Summon Hydra             Summ           0%         N/A       100%        7


Dungeon Overview and Level Annotations

Branches:
Dungeon (2/15)

Altars:
Wu Jian


Innate Abilities, Weirdness & Mutations

Your serpentine skin is tough. (AC +1)
You have supernaturally acute eyesight. (SInv)
Armour fits poorly on your strangely shaped body.
Your system is resistant to poisons. (rPois)
You cover ground very slowly.
You can spit poison.
You have a snake-like lower body.


Message History

The gnoll is heavily wounded.
The gnoll closely misses you. The gnoll hits you with a +0 flail!
You slash the gnoll!
You kill the gnoll!
You see here a +0 flail.
A gnoll comes into view. It is wielding a +0 whip.
The gnoll shouts!
You hear a shout!
A gnoll comes into view. It is wielding a +0 halberd.
You block the gnoll's attack. The gnoll hits you with a +0 whip.
The gnoll hits you from afar with a +0 halberd!
You see here a glowing green potion.
You hit the gnoll.
The gnoll is heavily wounded.
The gnoll barely misses you. You block the gnoll's attack.
You hit the gnoll.
The gnoll is severely wounded.
The gnoll hits you from afar with a +0 halberd.
You block the gnoll's attack.
You slash the gnoll!
You kill the gnoll!
The gnoll barely misses you. You block the gnoll's attack.
A gnoll comes into view. It is wielding a +0 club.
The gnoll shouts!
The gnoll hits you with a +0 halberd.
You see here a +0 whip.
You block the gnoll's attack.
There is a stone staircase leading down here.
The gnoll hits you with a +0 halberd!
* * * LOW HITPOINT WARNING * * *
The gnoll hits you with a +0 club.
* * * LOW HITPOINT WARNING * * *
You hit the gnoll.
The gnoll is moderately wounded.
You hit the gnoll. The gnoll hits you with a +0 halberd.
* * * LOW HITPOINT WARNING * * *
The gnoll barely misses you.
You closely miss the gnoll.
The gnoll is moderately wounded.
You hit the gnoll. The gnoll hits you with a +0 halberd.
You die...

.# .# #.. .# ....
#.# ... #.# ###..#
#.# ..#..#
#########.# ......
......g@>.# ..#..#
########g.# .<#..#
####!.# ###..# #
#.....# .....# .#
#.###)# ###.##..#
##.. #.# ........#
#.. #.#
###.##.#####.#####.#
###.##...[.........#


You could see 2 gnolls.

Vanquished Creatures
  2 gnolls (D:2)
  2 adders (D:2)
  A worm (D:2)
  2 dart slugs
  A bat (D:2)
  2 endoplasms
  4 giant cockroaches
  6 hobgoblins
  6 jackals (D:2)
  2 ball pythons (D:2)
  2 frilled lizards (D:2)
  2 goblins
  3 kobolds (D:2)
  3 rats
38 creatures vanquished.

Vanquished Creatures (others)
  2 plants (D:1)
2 creatures vanquished.

Grand Total: 40 creatures vanquished

Notes
Turn   | Place    | Note
-------+----------+-------------------------------------------
     0 | D:1      | gzilladon the Naga Fighter began the quest for the Orb.
     0 | D:1      | Reached XP level 1. HP: 21/21 MP: 1/1
   107 | D:1      | Reached XP level 2. HP: 28/28 MP: 2/2
   820 | D:2      | Reached XP level 3. HP: 34/34 MP: 3/3
   999 | D:2      | Found an ornate altar of the Wu Jian Council.
  1185 | D:2      | Reached XP level 4. HP: 35/42 MP: 4/4
  1525 | D:2      | Slain by a gnoll

Illustrated notes

Levels and vault maps discovered:
D:1:      giann_bridges, layout_loops_ring, chequers_serial_rivers_small_3
D:2:      layout_basic, basic_altar, hangedman_decor_lopped

Skill      XL: |  1  2  3 |
---------------+----------+-----
Axes           | 3 |  3.3
Armour         | 3 |  3.1
Fighting       | |  3.3
Dodging        | |  0.2
Shields        | |  2.9

Action                   |  1- 3 |  4- 6 || total
-------------------------+-------+-------++-------
Melee: War axe           |    88 |    26 ||   114
Armor: Scale mail        |    42 |     8 ||    50
Dodge: Dodged            |    44 |     7 ||    51
Block: Buckler           |    20 |    11 ||    31

Table legend: (Time is in decaauts)
 A = Elapsed time spent in this place.
 B = Non-inter-level travel time spent in this place.
 C = Inter-level travel time spent in this place.
 D = Time resting spent in this place.
 E = Time spent auto-exploring this place.
 F = Levels seen in this place.
 G = Mean time per level.
                   A        B        C        D        E       F      G
               +--------+--------+--------+--------+--------+-----+--------+
         Total |   2036 |   1749 |    287 |    211 |      0 |   2 | 1018.0 |
       Dungeon |   2036 |   1749 |    287 |    211 |      0 |   2 | 1018.0 |
               +--------+--------+--------+--------+--------+-----+--------+

Top non-repeatable levels by time:
     D:1: 1069 daAuts
     D:2: 967 daAuts
